AA NE
AKRON RUBBERDUCKS @ SOMERSET PATRIOTS
07/03/2041
 
TOP OF THE 1ST
Akron RubberDucks batting - Pitching for Somerset Patriots : RHP Eric Summers
Pitching: RHP Eric Summers
Batting: RHB Bradley Gadsden 0-0: Swinging Strike
0-1: Ball
1-1: Ground out 2-3 (Groundball, 2R, EV 71.3 MPH)
Batting: LHB Abel Brown 0-0: Ball
1-0: Ball
2-0: Called Strike
2-1: Bunt - Flyout to 15S! F1
Batting: RHB Steve Green 0-0: Ball
1-0: Called Strike
1-1: Foul Ball, location: 3F
1-2: Ball
2-2: Foul Ball, location: 2LF
2-2: Ground out 5-3 (Groundball, 56, EV 81.9 MPH)
Top of the 1st over - 0 runs, 0 hits, 0 errors, 0 left on base; Akron 0 - Somerset 0
BOTTOM OF THE 1ST
Somerset Patriots batting - Pitching for Akron RubberDucks : RHP Shawn McClenaghan
Pitching: RHP Shawn McClenaghan
Batting: RHB Luis Valéncia 0-0: Ball
1-0: Ball
2-0: Ball
3-0: Called Strike
3-1: Fly out, F9 (Flyball, 9, EV 86.9 MPH)
Batting: RHB Al Mitchell 0-0: Called Strike
0-1: Called Strike
0-2: Ball
1-2: Ball
2-2: Foul Ball, location: 25F
2-2: Ball
3-2: Fly out, F4 (Popup, 4, EV 56.3 MPH)
Batting: LHB Pat Thomas 0-0: Ball
1-0: Ball
2-0: Ball
3-0: Base on Balls
Batting: RHB Sacco Blok 0-0: Fielders Choice at 2nd, 6-4 (Groundball, 6, EV 108.1 MPH)
Bottom of the 1st over - 0 runs, 0 hits, 0 errors, 1 left on base; Akron 0 - Somerset 0
TOP OF THE 2ND
Akron RubberDucks batting - Pitching for Somerset Patriots : RHP Eric Summers
Batting: LHB Mike Hatfield 0-0: Called Strike
0-1: Foul Ball, location: 9LDF
0-2: SINGLE (Groundball, 4MD, EV 100.0 MPH)
Batting: RHB Brendan Rogers 0-0: Ball
1-0: Ball
2-0: Called Strike
2-1: Swinging Strike
2-2: Strikes out looking
Batting: RHB Pat Henson 0-0: Fly out, F9 (Flyball, 89M, EV 93.8 MPH)
Batting: LHB Juan Gómes 0-0: Foul Ball, location: 5SF
0-1: Ball
1-1: Ball
2-1: Ball
3-1: Base on Balls
Mike Hatfield to second
Batting: RHB Dan Myers 0-0: Ball
1-0: SINGLE (Groundball, 6MD, EV 104.4 MPH)
Mike Hatfield to third
Juan Gómes to second
Runner from 3rd tries for Home, SAFE, throw by CF to home
Batting: RHB Chris Slater 0-0: Ball
1-0: Called Strike
1-1: Called Strike
1-2: Fly out, F9 (Flyball, 9, EV 87.5 MPH)
Top of the 2nd over - 1 run, 2 hits, 0 errors, 2 left on base; Akron 1 - Somerset 0
BOTTOM OF THE 2ND
Somerset Patriots batting - Pitching for Akron RubberDucks : RHP Shawn McClenaghan
Batting: LHB Josh Miller 0-0: Ball
1-0: Ball
2-0: Ball
3-0: Called Strike
3-1: Called Strike
3-2: DOUBLE (Flyball, 78XD, EV 110.6 MPH)
Batting: RHB Jim Gardner 0-0: Ball
1-0: Ball
2-0: Foul Ball, location: 9LDF
2-1: Called Strike
2-2: Foul Ball, location: 3SF
2-2: Foul Ball, location: 2F
2-2: Strikes out swinging
Batting: RHB Jorge Gabriel 0-0: Called Strike
0-1: Swinging Strike
0-2: Foul Ball, location: 2F
0-2: Ball
1-2: SINGLE (Flyball, 8RM, EV 92.5 MPH)
Josh Miller to third
Batting: RHB Willie Webb 0-0: Called Strike
0-1: Ball
1-1: Ball
2-1: Foul Ball, location: 2F
2-2: Fly out, F7 (Line Drive, 7S, EV 93.1 MPH)
Batting: RHB Jim Unknown 0-0: Hit by Pitch
Jorge Gabriel to second
Batting: RHB Luis Valéncia 0-0: Ball
1-0: Ball
2-0: Called Strike
2-1: SINGLE (Line Drive, 6M, EV 107.5 MPH)
Josh Miller scores
Jorge Gabriel to third
Jim Unknown to second
Runner from 3rd tries for Home, SAFE, throw by CF to home
Batting: RHB Al Mitchell 0-0: Ball
1-0: Ball
2-0: Ground out 1-3 (Groundball, P, EV 70.6 MPH)
Bottom of the 2nd over - 2 runs, 3 hits, 0 errors, 2 left on base; Akron 1 - Somerset 2
TOP OF THE 3RD
Akron RubberDucks batting - Pitching for Somerset Patriots : RHP Eric Summers
Batting: RHB Bradley Gadsden 0-0: Foul Ball, location: 2F
0-1: Ball
1-1: Hit by Pitch
Batting: LHB Abel Brown 0-0: SINGLE (Line Drive, 7S, EV 98.8 MPH)
Bradley Gadsden to second
Batting: RHB Steve Green 0-0: Called Strike
0-1: Ball
1-1: Called Strike
1-2: Grounds into double play, 5-4-3 (Groundball, 56S, EV 80.6 MPH)
Bradley Gadsden to third
Batting: LHB Mike Hatfield 0-0: Called Strike
0-1: Ball
1-1: Ball
2-1: DOUBLE (Flyball, 8RXD, EV 106.3 MPH)
Bradley Gadsden scores
Batting: RHB Brendan Rogers 0-0: Foul Ball, location: 2F
0-1: Fly out, F4 (Popup, 34S, EV 75.0 MPH)
Top of the 3rd over - 1 run, 2 hits, 0 errors, 1 left on base; Akron 2 - Somerset 2
BOTTOM OF THE 3RD
Somerset Patriots batting - Pitching for Akron RubberDucks : RHP Shawn McClenaghan
Batting: LHB Pat Thomas 0-0: Called Strike
0-1: Ball
1-1: Foul Ball, location: 5F
1-2: Ball
2-2: Strikes out looking
Batting: RHB Sacco Blok 0-0: Called Strike
0-1: Fly out, F7 (Line Drive, 78D, EV 98.1 MPH)
Batting: LHB Josh Miller 0-0: Called Strike
0-1: Foul Ball, location: 7LDF
0-2: Strikes out looking
Bottom of the 3rd over - 0 runs, 0 hits, 0 errors, 0 left on base; Akron 2 - Somerset 2
TOP OF THE 4TH
Akron RubberDucks batting - Pitching for Somerset Patriots : RHP Eric Summers
Batting: RHB Pat Henson 0-0: Called Strike
0-1: Foul Ball, location: 2F
0-2: Ball
1-2: Ball
2-2: Ball
3-2: Base on Balls
Batting: LHB Juan Gómes 0-0: Ball
1-0: Called Strike
1-1: Called Strike
1-2: Ball
2-2: Ball
3-2: Strikes out swinging
Batting: RHB Dan Myers 0-0: Called Strike
0-1: Ball
1-1: 2-RUN HOME RUN (Flyball, 78XD, EV 100.6 MPH), Distance : 421 ft
Batting: RHB Chris Slater 0-0: Called Strike
0-1: Called Strike
0-2: Strikes out swinging
Batting: RHB Bradley Gadsden 0-0: Foul Ball, location: 9LDF
0-1: Called Strike
0-2: Strikes out swinging
Top of the 4th over - 2 runs, 1 hit, 0 errors, 0 left on base; Akron 4 - Somerset 2
BOTTOM OF THE 4TH
Somerset Patriots batting - Pitching for Akron RubberDucks : RHP Shawn McClenaghan
Batting: RHB Jim Gardner 0-0: Called Strike
0-1: Ball
1-1: Ground out 1-3 (Groundball, 15S, EV 70.0 MPH)
Batting: RHB Jorge Gabriel 0-0: SINGLE (Line Drive, 4D, EV 96.9 MPH)
Batting: RHB Willie Webb 0-0: Ball
1-0: Ball
2-0: Ground out 6-3 (Groundball, 6, EV 73.8 MPH)
Jorge Gabriel to second
Batting: RHB Jim Unknown 0-0: Foul Ball, location: 5FF
0-1: Ball
1-1: Fly out, F7 (Flyball, 7D, EV 77.5 MPH)
Bottom of the 4th over - 0 runs, 1 hit, 0 errors, 1 left on base; Akron 4 - Somerset 2
TOP OF THE 5TH
Akron RubberDucks batting - Pitching for Somerset Patriots : RHP Eric Summers
Batting: LHB Abel Brown 0-0: Called Strike
0-1: Ball
1-1: Swinging Strike
1-2: Ball
2-2: Strikes out swinging
Batting: RHB Steve Green 0-0: Called Strike
0-1: Ball
1-1: SOLO HOME RUN (Flyball, 7D, EV 96.3 MPH), Distance : 376 ft
Pitching: RHP Jim Unknown
Batting: LHB Mike Hatfield 0-0: Ball
1-0: Ball
2-0: Called Strike
2-1: Fly out, F7 (Line Drive, 78M, EV 98.8 MPH)
Batting: RHB Brendan Rogers 0-0: Ball
1-0: Ball
2-0: Fly out, F9 (Flyball, 89S, EV 95.6 MPH)
Top of the 5th over - 1 run, 1 hit, 0 errors, 0 left on base; Akron 5 - Somerset 2
BOTTOM OF THE 5TH
Somerset Patriots batting - Pitching for Akron RubberDucks : RHP Shawn McClenaghan
Batting: RHB Luis Valéncia 0-0: Ball
1-0: Ball
2-0: Swinging Strike
2-1: Swinging Strike
2-2: Foul Ball, location: 3FF
2-2: Ball
3-2: Foul Ball, location: 2F
3-2: Base on Balls
Batting: RHB Al Mitchell 0-0: Ball
1-0: Grounds into double play, 4-6-3 (Groundball, 4MD, EV 95.6 MPH)
Batting: LHB Pat Thomas 0-0: Ball
1-0: Fly out, F7 (Flyball, 7, EV 76.9 MPH)
Bottom of the 5th over - 0 runs, 0 hits, 0 errors, 0 left on base; Akron 5 - Somerset 2
TOP OF THE 6TH
Akron RubberDucks batting - Pitching for Somerset Patriots : RHP Jim Unknown
Batting: RHB Pat Henson 0-0: Ball
1-0: Called Strike
1-1: Called Strike
1-2: Strikes out swinging
Batting: LHB Juan Gómes 0-0: Swinging Strike
0-1: Ball
1-1: Foul Ball, location: 25F
1-2: Ball
2-2: Strikes out swinging
Batting: RHB Dan Myers 0-0: Ground out 1-3 (Groundball, 15S, EV 65.0 MPH)
Top of the 6th over - 0 runs, 0 hits, 0 errors, 0 left on base; Akron 5 - Somerset 2
BOTTOM OF THE 6TH
Somerset Patriots batting - Pitching for Akron RubberDucks : RHP Shawn McClenaghan
Batting: RHB Sacco Blok 0-0: Called Strike
0-1: Fly out, F5 (Popup, 5S, EV 76.9 MPH)
Pitching: RHP Cristián Ramírez
Batting: LHB Josh Miller 0-0: Foul Ball, location: 5F
0-1: Called Strike
0-2: Ball
1-2: Strikes out swinging
Batting: RHB Jim Gardner 0-0: Called Strike
0-1: Ball
1-1: Swinging Strike
1-2: Ball
2-2: Foul Ball, location: 2F
2-2: Strikes out looking
Bottom of the 6th over - 0 runs, 0 hits, 0 errors, 0 left on base; Akron 5 - Somerset 2
TOP OF THE 7TH
Akron RubberDucks batting - Pitching for Somerset Patriots : RHP Jim Unknown
Batting: RHB Chris Slater 0-0: Ball
1-0: Foul Ball, location: 9LDF
1-1: Foul Ball, location: 2F
1-2: Ball
2-2: Ground out 6-3 (Groundball, 6M, EV 98.8 MPH)
Batting: RHB Bradley Gadsden 0-0: Ball
1-0: Called Strike
1-1: Foul Ball, location: 2F
1-2: Foul Ball, location: 5F
1-2: Strikes out swinging
Batting: LHB Abel Brown 0-0: Called Strike
0-1: Fly out, F7 (Flyball, 7S, EV 91.9 MPH)
Top of the 7th over - 0 runs, 0 hits, 0 errors, 0 left on base; Akron 5 - Somerset 2
BOTTOM OF THE 7TH
Somerset Patriots batting - Pitching for Akron RubberDucks : RHP Cristián Ramírez
Batting: RHB Jorge Gabriel 0-0: Fly out, F8 (Flyball, 8LXD, EV 106.9 MPH)
Batting: RHB Willie Webb 0-0: Ball
1-0: Foul Ball, location: 5F
1-1: Called Strike
1-2: Foul Ball, location: 9LMF
1-2: Ball
2-2: Ground out 5-3 (Groundball, 56, EV 76.9 MPH)
Batting: RHB Jim Unknown 0-0: Called Strike
0-1: Ball
1-1: Fly out, F7 (Line Drive, 7S, EV 86.3 MPH)
Bottom of the 7th over - 0 runs, 0 hits, 0 errors, 0 left on base; Akron 5 - Somerset 2
TOP OF THE 8TH
Akron RubberDucks batting - Pitching for Somerset Patriots : RHP Jim Unknown
Batting: RHB Steve Green 0-0: Called Strike
0-1: Ball
1-1: Called Strike
1-2: Foul Ball, location: 5FF
1-2: Ball
2-2: Strikes out swinging
Batting: LHB Mike Hatfield 0-0: Fly out, F5 (Popup, 5F, EV 73.8 MPH)
Batting: RHB Brendan Rogers 0-0: Ball
1-0: Ground out 5-3 (Groundball, 56, EV 84.4 MPH)
Top of the 8th over - 0 runs, 0 hits, 0 errors, 0 left on base; Akron 5 - Somerset 2
BOTTOM OF THE 8TH
Somerset Patriots batting - Pitching for Akron RubberDucks : RHP Cristián Ramírez
Batting: RHB Luis Valéncia 0-0: SINGLE (Groundball, 34D, EV 101.9 MPH)
Batting: RHB Al Mitchell
Pinch Hitting: LHB Dave Hamilton 0-0: Foul Ball, location: 2F
0-1: DOUBLE (Flyball, 8LXD, EV 100.0 MPH)
Luis Valéncia to third
Batting: LHB Pat Thomas 0-0: Called Strike
0-1: Foul Ball, location: 2F
0-2: Ball
1-2: Ground out 5-3 (Groundball, 5, EV 79.4 MPH)
Batting: RHB Sacco Blok 0-0: Ball
1-0: Foul Ball, location: 2F
1-1: Foul Ball, location: 9LMF
1-2: Ball
2-2: Ball
3-2: Foul Ball, location: 2F
3-2: Base on Balls
Pitching: LHP Jorge Chávez
Pinch Hitting: RHB Tom Waltenbery 0-0: Swinging Strike
0-1: Ball
1-1: Ball
2-1: Called Strike
2-2: Strikes out looking
Batting: RHB Jim Gardner 0-0: Called Strike
0-1: Swinging Strike
0-2: Fly out, F7 (Flyball, 7LM, EV 88.1 MPH)
Bottom of the 8th over - 0 runs, 2 hits, 0 errors, 3 left on base; Akron 5 - Somerset 2
TOP OF THE 9TH
Akron RubberDucks batting - Pitching for Somerset Patriots : RHP Jim Unknown
Now in LF: Jim Unknown
Now in RF: Joe Scott
Batting: RHB Pat Henson 0-0: Called Strike
0-1: Fly out, F8 (Flyball, 8LD, EV 87.5 MPH)
Batting: LHB Juan Gómes 0-0: Called Strike
0-1: Foul Ball, location: 25F
0-2: Ball
1-2: Strikes out swinging
Batting: RHB Dan Myers 0-0: Ball
1-0: Ball
2-0: Ball
3-0: Base on Balls
Batting: RHB Chris Slater 0-0: Ball
1-0: Ball
2-0: Ball
3-0: Called Strike
3-1: Base on Balls
Dan Myers to second
Pitching: RHP Jim Unknown
Batting: RHB Bradley Gadsden 0-0: Ball
1-0: Ball
2-0: SINGLE (Groundball, 6M, EV 98.8 MPH) (infield hit)
Dan Myers to third
Chris Slater to second
Pinch Runner at 1st Jonathon Jones:
Batting: LHB Abel Brown 0-0: Swinging Strike
0-1: Ball
1-1: Foul Ball, location: 2F
1-2: Strikes out swinging
Top of the 9th over - 0 runs, 1 hit, 0 errors, 3 left on base; Akron 5 - Somerset 2
BOTTOM OF THE 9TH
Somerset Patriots batting - Pitching for Akron RubberDucks : LHP Jorge Chávez
Pitching: RHP Ned Logan
Now at 2B: Mike Trujillo
Now in RF: Bobby Powell
Batting: RHB Jorge Gabriel 0-0: Called Strike
0-1: Ball
1-1: Called Strike
1-2: Ball
2-2: Ball
3-2: Base on Balls
Pinch Hitting: LHB Jim Unknown 0-0: Fielders Choice at 2nd, 1-6 (Groundball, 34S, EV 65.6 MPH)
Pinch Hitting: RHB Jim Unknown 0-0: Foul Ball, location: 2F
0-1: Called Strike
0-2: Ball
1-2: Ball
2-2: Ball
3-2: Strikes out swinging
Batting: RHB Luis Valéncia 0-0: Called Strike
0-1: Ground out 4-3 (Groundball, 4, EV 105.6 MPH)
Bottom of the 9th over - 0 runs, 0 hits, 0 errors, 1 left on base; Akron 5 - Somerset 2
Monday, April 1st , 2024 - OOTP Baseball 24.10 Build 82